 Dungeon Crawl Stone Soup version 0.27.1-34-g3ba077fa99 (webtiles) character file.

Game seed: 11228090820640033744

23 comborobin the Sneak (level 2, -2/23 HPs)
             Began as a Vampire Delver on Jan 6, 2022.
             Slain by a hound (4 damage)
             ... on level 6 of the Dungeon.
             The game lasted 00:00:30 (206 turns).

comborobin the Sneak (Vampire Delver)                Turns: 206, Time: 00:00:31

Health: -2/23      AC:  3    Str: 11    XL:     2   Next: 75%
Magic:  2/2        EV: 12    Int: 12    God:
Gold:   37         SH:  5    Dex: 15    Spells: 1/1 levels left

rFire    . . .     SeeInvis +   a - +0 short sword
rCold    . . .     Faith    .   (no shield)
rNeg     . . .     Spirit   .   b - +0 leather armour
rPois    .         Reflect  +   (no helmet)
rElec    .         Harm     .   (no cloak)
rCorr    .         Rampage  .   (no gloves)
Will     .....                  (no boots)
Stlth    ++++......             i - amulet of reflection
HPRegen  0.27/turn              (no ring)
MPRegen  0.08/turn              (no ring)

@: healing quickly
A: alive, fangs 3, see invisible, vampiric 1
a: Exsanguinate


You were on level 6 of the Dungeon.
You visited 1 branch of the dungeon, and saw 2 of its levels.

You collected 37 gold pieces.

Inventory:

Hand Weapons
 a - a +0 short sword (weapon)
Armour
 b - a +0 leather armour (worn)
Jewellery
 i - an amulet of reflection (around neck)
Wands
 g - a wand of digging (3)
Scrolls
 c - a scroll of fog
 d - a scroll of magic mapping
 e - a scroll of fear
 h - a scroll of identify {unknown}
Potions
 f - a potion of haste


   Skills:
 - Level 2.6 Fighting
 + Level 3.0 Short Blades
 - Level 2.1 Dodging
 + Level 7.9 Stealth


You had one spell level left.
You didn't know any spells.
Your spell library was empty.

Dungeon Overview and Level Annotations

Branches:
Dungeon (6/15)
 Temple: D:4-7

Altars:


Innate Abilities, Weirdness & Mutations

Your natural rate of healing is accelerated.
You have razor-sharp teeth.
You have supernaturally acute eyesight. (SInv)
You are afflicted with vampirism.


Message History

The hound is moderately wounded.
The hound closely misses you.
You hit the hound but do no damage. You bite the hound.
The hound is moderately wounded.
The hound bites you. The hound barely misses you.
You hit the hound. Your bite misses the hound.
The hound is heavily wounded.
The hound barely misses you.
You hit the hound but do no damage.
The hound is heavily wounded.
The hound barely misses you. x2
You hit the hound.
The hound is severely wounded.
The hound bites you.
* * * LOW HITPOINT WARNING * * *
You barely miss the hound.
The hound is severely wounded.
The hound bites you but does no damage.
You closely miss the hound.
The hound is severely wounded.
You block the hound's attack. The hound bites you.
* * * LOW HITPOINT WARNING * * *
You miss the hound. You bite the hound.
The hound is severely wounded.
You block the hound's attack.
You barely miss the hound. Your bite misses the hound.
The hound is severely wounded.
The hound barely misses you. The hound misses you.
Unknown command.
You hit the hound.
The hound is almost dead.
The hound bites you but does no damage.
You hit the hound.
The hound is almost dead.
You block the hound's attack. The hound bites you.
* * * LOW HITPOINT WARNING * * *
You closely miss the hound.
The hound is almost dead.
The hound bites you.
You die...

#.##.... #.##....
#......# #......#
#......# #####.......
#.........†.
##############.###.......
........@h.....# #.#.##..
.........#.##..# #.#.##..
.........#.#...# #.#.##..
......<..#.#..## #.#.####
.........#.#.... .....
.........#.#.#.. ..##.
.........#.#.#.#
.#.######....#.# ..#.
#..###.#


You could see a hound.

Vanquished Creatures
  A howler monkey skeleton (D:6)
  An adder (D:6)
  2 orcs (D:6)
4 creatures vanquished.

Notes
Turn   | Place    | Note
-------+----------+-------------------------------------------
     0 | D:5      | comborobin the Vampire Delver began the quest for the Orb.
     0 | D:5      | Reached XP level 1. HP: 17/17 MP: 1/1
    20 | D:6      | Reached XP level 2. HP: 8/23 MP: 2/2
   175 | D:6      | Noticed a two-headed ogre
   205 | D:6      | HP: 1/23 [hound (2)]
   206 | D:6      | Slain by a hound

Illustrated notes

Levels and vault maps discovered:
D:5:      layout_gridville, jmf_multi_god_temple, serial_shops,
          nicolae_shop_crystal
D:6:      layout_basic, chequers_temple_overflow_minitemple,
          kennysheep_generic_room_10

Skill      XL: |  1  2 |
---------------+-------+-----
Short Blades   | 3 |  3.0
Fighting       | |  2.6
Dodging        | |  2.1
Stealth        | |  7.9

Action                   || total
-------------------------++-------
Melee: Short sword       ||    40
       Bite              ||     5
 Stab: Sleeping          ||     1
Armor: Leather armour    ||     6
Dodge: Dodged            ||    23
Block: Other             ||     7
